 Dungeon Crawl Stone Soup version 0.25-a0-156-g0c4bda3fdf (webtiles) character file.

Game seed: 5296214366644606586, levelgen mode: deterministic

46 vurker the Skirmisher (level 3, -1/30 HPs)
             Began as a Formicid Abyssal Knight on Nov 20, 2019.
             Was a Believer of Lugonu.
             Slain by Robin
             ... wielding a +0 club
              (4 damage)
             ... on level 2 of the Dungeon.
             The game lasted 00:01:30 (1392 turns).

vurker the Skirmisher (Formicid Abyssal Knight)     Turns: 1392, Time: 00:01:30

Health: -1/30      AC:  3    Str: 17    XL:     3   Next: 95%
Magic:  5/5        EV: 11    Int: 11    God:    Lugonu [**....]
Gold:   106        SH:  3    Dex: 10    Spells: 2/2 levels left

rFire    . . .     SeeInvis +   a - +1 hand axe
rCold    . . .     Gourm    .   (no shield)
rNeg     . . .     Faith    .   b - +0 leather armour
rPois    .         Spirit   .   (helmet unavailable)
rElec    .         Reflect  +   (no cloak)
rCorr    .         Harm     .   (no gloves)
MR       .....                  (no boots)
Stlth    +.........             m - +3 amulet of reflection
HPRegen  0.10/turn              (no ring)
MPRegen  0.09/turn              (no ring)

@: no status effects
A: permanent stasis, dig shafts and tunnels, four strong arms, antennae 3
a: Dig, Shaft Self, Depart the Abyss, Bend Space, Renounce Religion


You were on level 2 of the Dungeon.
You worshipped Lugonu.
Lugonu was pleased with you.
You were not hungry.

You visited 1 branch of the dungeon, and saw 2 of its levels.
You visited the Abyss 1 time.

You collected 106 gold pieces.

Inventory:

Hand Weapons
 a - a +1 hand axe (weapon)
Armour
 b - a +0 leather armour (worn)
Jewellery
 m - a +3 amulet of reflection (around neck)
   (You found it on level 2 of the Dungeon)
Scrolls
 c - 2 scrolls of identify {unknown}
 d - 3 scrolls of remove curse {unknown}
 h - 2 scrolls of blinking {unknown}
Potions
 f - a potion of cancellation {unknown}
 g - a potion of brilliance {unknown}
 i - 2 potions of mutation {unknown}
 k - a potion of lignification {unknown}
 l - 2 potions of flight {unknown}
 n - 2 potions of heal wounds {unknown}
Comestibles
 e - 4 rations
 j - a chunk of flesh


   Skills:
 + Level 3.7 Fighting
 * Level 3.1 Axes
 - Level 2.1 Armour
 - Level 0.8 Dodging
 + Level 3.0 Invocations


You had 2 spell levels left.
You didn't know any spells.
Your spell library was empty.

Dungeon Overview and Level Annotations

Branches:
Dungeon (2/15)

Altars:
Ashenzari
Xom

Annotations:
D:2 Robin


Innate Abilities, Weirdness & Mutations

You cannot be hasted, slowed, berserked, paralysed or teleported.
You can dig through walls and to a lower floor.
Your four strong arms can wield two-handed weapons with a shield.
You have a pair of large antennae on your head. (SInv)


Message History

Lugonu accepts your kill. The goblin hits you with a +0 dagger.
You hit the goblin. The goblin hits you but does no damage.
You barely miss the goblin. The goblin barely misses you.
You closely miss the goblin. You block the goblin's attack.
You hit the goblin.
You kill the goblin!
Lugonu accepts your kill.
Your Invocations skill increases to level 3!
Eating one of 2 chunks of flesh.
You eat one of the 2 chunks of flesh.
You sense a monster nearby.
You sense a monster nearby.
You sense a monster nearby.
A goblin comes into view. It is wielding a +0 club.
A goblin comes into view.
Robin shouts!
The goblin shouts!
You hear a shout! x3
The goblin hits you with a +0 club.
Robin flexes a bicep menacingly.
Items here: )) †† a +0 dagger; a +0 club; a goblin corpse; a hobgoblin corpse You hit the goblin.
You kill the goblin!
Lugonu accepts your kill.
A goblin comes into view. It is wielding a +0 dagger.
Robin throws the goblin at you!
You slash the goblin!
You kill the goblin!
Lugonu accepts your kill.
You see here a +0 club.
You closely miss the goblin. The goblin hits you.
You hit the goblin. The goblin hits you but does no damage.
You hit the goblin.
Robin roars a battlecry!
The goblin goes into a battle-frenzy!
The goblin closely misses you. Robin throws the goblin at you!
The goblin hits you.
You slash the goblin!
You kill the goblin!
Lugonu accepts your kill.
Robin says, "My army is invincible!"
You hit Robin. Robin hits you with a +0 club.
* * * LOW HITPOINT WARNING * * *
You hit Robin. Robin hits you with a +0 club.
* * * LOW HITPOINT WARNING * * *
You barely miss Robin. Robin hits you with a +0 club.
* * * LOW HITPOINT WARNING * * *
You aren't carrying any items that you can evoke.
Unknown command.
You hit Robin but do no damage. Robin hits you with a +0 club.
You die...

... ... ... #'#
#.# #.# #.# { #.#
#g# { #.#####@#
{{ #.#...))#
#.#.##### ..
#.#.######..
#.#.#.......
#####'#.#.......
#.......#.......
#.......#.......
#.......#........


You could see Robin.

Vanquished Creatures
  An adder (D:2)
  2 dart slugs (D:2)
  A leopard gecko (D:1)
  2 giant cockroaches (D:1)
  6 goblins (D:2)
  5 hobgoblins
  5 kobolds
  3 bats
  2 frilled lizards (D:1)
  3 rats
30 creatures vanquished.

Notes
Turn   | Place    | Note
-------+----------+-------------------------------------------
     0 | Abyss:1  | vurker the Formicid Abyssal Knight began the quest for the
                  | Orb.
     0 | Abyss:1  | Reached XP level 1. HP: 18/18 MP: 2/2
     8 | D:1      | Escaped the Abyss
   119 | D:1      | Reached XP level 2. HP: 21/24 MP: 3/3
   957 | D:2      | Reached XP level 3. HP: 21/29 MP: 3/5
  1177 | D:2      | Found a shimmering altar of Xom.
  1222 | D:2      | Reached ** piety under Lugonu
  1277 | D:2      | Found a shattered altar of Ashenzari.
  1339 | D:2      | Noticed Robin
  1392 | D:2      | Slain by Robin

Levels and vault maps discovered:
D:1:      dpeg_arrival_boxorama, layout_basic
D:2:      layout_basic, overflow_temple_1_default, marbit_many_paths,
          led_sif_pool, first_ration, uniq_robin

Skill      XL: |  1  2  3 |
---------------+----------+-----
Axes           | 3 |  3.1
Invocations    | 3 |  3.0
Fighting       | |  3.7
Armour         | |  2.1
Dodging        | |  0.8

Action                   || total
-------------------------++-------
Melee: Hand axe          ||    91
  Eat: Chunk             ||     2
Armor: Leather armour    ||    25
Dodge: Dodged            ||    52
Block: Other             ||     1

Table legend:
 A = Non-vault XP
 B = Vault XP
 C = Vault XP percentage of total XP
 D = Non-vault monster count
 E = Vault monster count
 F = Vault count percentage of total count
                 A         B        C        D         E       F
            +---------+---------+-------+---------+---------+-------
      Total |      55 |      12 |  17.9 |      23 |       7 |  23.3
            +---------+---------+-------+---------+---------+-------
        D:1 |      24 |       0 |   0.0 |      14 |       0 |   0.0
        D:2 |      31 |      12 |  27.9 |       9 |       7 |  43.8
            +---------+---------+-------+---------+---------+-------
